 Dungeon Crawl Stone Soup version 0.28.0-43-g3370ac3207 (webtiles) character file.

Game seed: 7890866794853262026

4009 Cykl0x the Geomancer (level 10, -5/54 HPs)
             Began as a Gargoyle Earth Elementalist on Mar 8, 2022.
             Slain by a manticore (9 damage)
             ... on level 8 of the Dungeon.
             The game lasted 00:13:07 (8625 turns).

Cykl0x the Geomancer (Gargoyle Earth Elementalist)  Turns: 8625, Time: 00:13:08

Health: -5/54      AC: 18    Str: 19    XL:     10   Next: 23%
Magic:  0/20       EV: 11    Int: 23    God:
Gold:   424        SH:  0    Dex: 10    Spells: 19/23 levels left

rFire   . . .      SeeInvis +   E - +0 great sword
rCold   . . .      Faith    .   (shield currently unavailable)
rNeg    + . .      Spirit   .   x - +1 ring mail {Will+}
rPois   ∞          Reflect  .   s - +0 helmet
rElec   +          Harm     .   (no cloak)
rCorr   .          Rampage  .   (no gloves)
Will    +....                   t - +2 pair of boots "Sicotios" {Int+4}
Stlth   +.........              v - amulet of magic regeneration
HPRegen 0.18/turn               h - +6 ring of strength
MPRegen 0.57/turn               H - ring of see invisible

@: no status effects
A: sickness immunity, AC +7, negative energy resistance 1, electricity
resistance, torment resistance 1, petrification resistance
a: no special abilities


You were on level 8 of the Dungeon.
You visited 2 branches of the dungeon, and saw 9 of its levels.

You collected 424 gold pieces.

Inventory:

Hand Weapons
 d - a +0 dagger
 i - a +0 short sword
 p - a +0 rapier
 y - a +2 rapier of electrocution
 E - a +0 great sword (weapon)
Missiles
 j - 141 stones
Armour
 b - a +1 robe
 c - a +0 pair of boots
 l - a +0 ring mail
 s - a +0 helmet (worn)
 t - the +2 pair of boots "Sicotios" (worn) {Int+4}
   (You acquired it on level 4 of the Dungeon)

   Int:       It affects your intelligence (+4).
 x - a +1 ring mail of willpower (worn)
 C - the +0 buckler "Saylox" {Will+ Str+4 Int+4}
   (You acquired it on level 7 of the Dungeon)

   Str:       It affects your strength (+4).
   Int:       It affects your intelligence (+4).
   Will:      It increases your willpower.
Jewellery
 h - a +6 ring of strength (left hand)
 o - a +6 ring of strength
 v - an amulet of magic regeneration (around neck)
 H - a ring of see invisible (right hand)
Wands
 D - a wand of iceblast (6)
Scrolls
 m - a scroll of fear
 r - a scroll of magic mapping
 w - a scroll of summoning
 z - a scroll of brand weapon
 A - a scroll of enchant armour
 B - a scroll of vulnerability
 I - a scroll of amnesia
 J - a scroll of identify
Potions
 a - a potion of lignification
 e - a potion of heal wounds
 f - 2 potions of ambrosia
 g - a potion of haste {unknown}
 k - 2 potions of attraction {unknown}
 n - 2 potions of might {unknown}
 q - a potion of flight {unknown}
 u - a potion of magic {unknown}
 F - a potion of mutation {unknown}
 G - a potion of berserk rage {unknown}
 K - a potion of curing {unknown}


   Skills:
 + Level 2.5 Fighting
 + Level 1.5(2.4) Short Blades
 + Level 2.8(3.1) Long Blades
 + Level 5.2 Armour
 + Level 3.1 Dodging
 - Level 2.1 Stealth
 + Level 7.0 Spellcasting
 * Level 7.9 Conjurations
 - Level 0.7 Transmutations
 + Level 8.8 Earth Magic


You had 19 spell levels left.
You knew the following spells:

 Your Spells              Type           Power      Damage    Failure   Level
a - Sandblast             Erth           96%        2d20      1%          1
b - Stone Arrow           Conj/Erth      92%        3d12      1%          3

Your spell library contained the following spells:

 Spells                   Type           Power      Damage    Failure   Level
 Passwall                 Tmut/Erth      25%        N/A       2%          2
 Petrify                  Tmut/Erth      30%        N/A       17%         4
 Conjure Ball Lightning   Conj/Air       13%        3x3d6     98%         6
 Discord                  Hex            4%         N/A       100%        8
 Disjunction              Tloc           4%         N/A       100%        8


Dungeon Overview and Level Annotations

Branches:
Dungeon (8/15)             Temple (1/1) D:5
   Lair: D:8-11

Altars:
Ashenzari
Cheibriados
Dithmenos
Fedhas
Hepliaklqana
Kikubaaqudgha
Makhleb
Nemelex Xobeh
Okawaru
Qazlal
Sif Muna
Trog
Uskayaw
Xom
Yredelemnul
Zin
The Shining One
Beogh

Shops:
D:6 *

Annotations:
D:5 2 transporters, Ablot's ghost, amateur GnWr


Innate Abilities, Weirdness & Mutations

You are immune to sickness and miasma.
Your stone body is resilient. (AC +7)
You are immune to poison.
You resist negative energy. (rN+)
You are resistant to electric shocks. (rElec)
You are resistant to unholy torment.
You are immune to petrification.


Message History

Press: ? - help, Shift-Dir - straight line, f/p - steam dragon
Aim: a steam dragon (almost dead, 83% to hit)
The blast of sand misses the steam dragon.
j - 142 stones The steam dragon bites you but does no damage.
The steam dragon claws you but does no damage.
Casting: Sandblast (safe; 1% risk of failure)
Confirm with . or Enter, or press ? or * to list all spells.
Aiming: Sandblast (safe; 1% risk of failure)
Press: ? - help, Shift-Dir - straight line, f/p - steam dragon
Aim: a steam dragon (almost dead, 83% to hit)
The blast of sand hits the steam dragon.
You kill the steam dragon!
The steam dragon scales are intact enough to wear.
j - 141 stones Your Spellcasting skill increases to level 7!
You feel much better. The manticore closely misses you. x2
The manticore barely misses you.
You barely miss the manticore. The manticore closely misses you. x2
The manticore claws you! The manticore bites you!
The manticore claws you but does no damage.
The manticore barely misses you.
You hit the manticore.
The manticore is lightly wounded.
The manticore bites you but does no damage.
The manticore claws you. The manticore barely misses you.
You are too injured to fight recklessly!
Casting: Sandblast (safe; 1% risk of failure)
Confirm with . or Enter, or press ? or * to list all spells.
Aiming: Stone Arrow (safe; 1% risk of failure)
Press: ? - help, Shift-Dir - straight line, f - manticore
Aim: a manticore (lightly wounded, 85% to hit)
The stone arrow hits the manticore!
The manticore is moderately wounded.
The manticore bites you!
* * * LOW HITPOINT WARNING * * *
The manticore claws you!
* * * LOW HITPOINT WARNING * * *
The manticore claws you!
You die...

##.. ###............
....###..............
....................
....................
#..#.##.#######..... ..
#. #.#..#....P#.....
###.#.##..#.#.#'#.#.....
'c#.'.H#.#..#.#.#.#..###
#.#@.†#.#.###.#..#
#c#..##.#P...P#..#
#.#.#.#.###†###.##
..#####..........### ##
#...###.##......
#..#........##..
###.#.##.###..##..
..#.#........###.
.##.#..####.#.##..


You could see a manticore and a centaur.

Vanquished Creatures
  A catoblepas (D:8)
  An ugly thing (D:8)
  A hornet (D:8)
  A steam dragon (D:8)
  4 vampire mosquitoes (D:8)
  2 water moccasins
  An orc warrior (D:7)
  4 sky beasts
  Pargi (D:4)
  2 ice beasts (D:8)
  A necrophage (D:6)
  2 centaurs
  Blork the orc (D:4)
  A gnoll sergeant (D:7)
  A scorpion (D:4)
  3 howler monkeys
  2 jellies
  2 orc priests (D:7)
  A bullfrog skeleton (D:5)
  A hound (D:4)
  3 centaur skeletons
  3 orc wizards
  An iguana (D:4)
  A killer bee zombie (D:8)
  5 adders
  8 gnolls
  An ufetubus (D:6)
  3 worms
  3 dart slugs
  18 orcs
  8 ball pythons
  5 endoplasms
  6 giant cockroaches
  2 goblins
  11 hobgoblins
  5 jackals (D:1)
  7 quokkas
  5 bats
  5 frilled lizards
  5 kobolds
  6 rats
144 creatures vanquished.

Vanquished Creatures (collateral kills)
  A howler monkey skeleton (D:5)
1 creature vanquished.

Vanquished Creatures (others)
  A plant (D:8)
1 creature vanquished.

Grand Total: 146 creatures vanquished

Notes
Turn   | Place    | Note
-------+----------+-------------------------------------------
     0 | D:1      | Cykl0x the Gargoyle Earth Elementalist began the quest for
                  | the Orb.
     0 | D:1      | Reached XP level 1. HP: 10/10 MP: 3/3
   317 | D:1      | Reached XP level 2. HP: 15/15 MP: 3/5
   318 | D:1      | Reached skill level 4 in Earth Magic
   525 | D:1      | Found a faded altar of an unknown god.
   547 | D:1      | Reached skill level 1 in Conjurations
   818 | D:1      | Reached XP level 3. HP: 18/19 MP: 0/6
   822 | D:1      | Learned a level 3 spell: Stone Arrow
  2280 | D:2      | Reached XP level 4. HP: 24/24 MP: 4/8
  3384 | D:3      | Found a broken altar of Ashenzari.
  3736 | D:3      | Reached skill level 5 in Earth Magic
  4047 | D:3      | You fall into a shaft and drop 2 floors!
  4047 | D:5      | Entered Level 5 of the Dungeon
  4047 | D:5      | Noticed a sky beast
  4052 | D:5      | Reached XP level 5. HP: 28/28 MP: 0/9
  4059 | D:5      | Killed a sky beast
  4159 | D:5      | Reached XP level 6. HP: 32/32 MP: 11/11
  4225 | D:5      | Found a staircase to the Ecumenical Temple.
  4231 | Temple   | Entered the Ecumenical Temple
  4516 | D:5      | Found a transporter.
  4516 | D:5      | Found a transporter.
  4540 | D:5      | Noticed Ablot's ghost (amateur GnWr)
  4750 | D:4      | Identified a scroll of acquirement
  4750 | D:4      | Acquired the +2 pair of boots "Sicotios" {Int+4}
  4959 | D:4      | Noticed Blork the orc
  4973 | D:4      | Killed Blork the orc
  4974 | D:4      | Reached XP level 7. HP: 27/36 MP: 1/13
  5005 | D:4      | Reached skill level 6 in Earth Magic
  5158 | D:4      | Noticed Pargi
  5164 | D:4      | Killed Pargi
  5165 | D:4      | Reached skill level 1 in Short Blades
  5368 | D:4      | Found a glowing golden altar of the Shining One.
  6334 | D:6      | Reached skill level 1 in Armour
  6400 | D:6      | Found Puatzose's General Store.
  6466 | D:6      | Reached XP level 8. HP: 42/42 MP: 12/15
  6549 | D:6      | Found a glowing silver altar of Zin.
  6584 | D:6      | Reached skill level 5 in Spellcasting
  6584 | D:6      | Reached skill level 7 in Earth Magic
  6694 | D:7      | Found a burning altar of Makhleb.
  6915 | D:7      | Reached skill level 5 in Conjurations
  6919 | D:7      | Reached skill level 1 in Long Blades
  7168 | D:7      | Reached skill level 1 in Fighting
  7276 | D:7      | Found the +7 staff of the Meek {protect, meekguard}
  7521 | D:7      | Found a sparkling altar of Nemelex Xobeh.
  7527 | D:7      | Acquired the +0 buckler "Saylox" {Will+ Str+4 Int+4}
  8075 | D:8      | Reached XP level 9. HP: 43/47 MP: 8/17
  8395 | D:8      | Noticed a catoblepas
  8395 | D:8      | Noticed a purple ugly thing
  8406 | D:8      | Killed a catoblepas
  8407 | D:8      | Reached skill level 8 in Earth Magic
  8461 | D:8      | Killed a purple ugly thing
  8542 | D:8      | Reached XP level 10. HP: 54/54 MP: 11/20
  8612 | D:8      | Noticed a manticore
  8613 | D:8      | Reached skill level 5 in Armour
  8625 | D:8      | Slain by a manticore

Illustrated notes

Levels and vault maps discovered:
D:1:      ncdulo_smallfort, layout_basic,
          hellmonk_ecumenical_altar_inner_sanctum
D:2:      wad_river_or_something, layout_basic, serial_aquarium,
          aquarium_bridge_square [aquarium_subvault_bridge,
          aquarium_subvault_bridge, aquarium_subvault_window,
          aquarium_subvault_balcony], aquarium_window_1, aquarium_window_1,
          aquarium_view_2e, bh_walls_and_bars
D:3:      layout_loops_ring, ashenzari_altar_1
D:4:      minmay_skewed_foursquare, layout_loops_ring, tso_altar,
          minmay_tree_intersection, uniq_pargi, uniq_blork_the_orc
D:5:      layout_gridville, minmay_temple_entry_fiery, gammafunk_ghost_hive,
          grunt_ministairs_11
D:6:      layout_rooms, kennysheep_little_box, serial_shops, shop
D:7:      layout_basic, amcnicky_altar_gilded, mainiacjoe_overflow_brackets,
          pf_guarded_unrand_meek
D:8:      layout_layer_cave, minmay_shattered_shrine
Temple:   minmay_temple_bridge_abc

Skill      XL: |  1  2  3  4  5  6  7  8  9 10 |
---------------+-------------------------------+-----
Earth Magic    | 4 5 6 7 8 |  8.8
Conjurations   | 1 2 3 4 6 7 |  7.9
Spellcasting   | 3 4 5 6 7 |  7.0
Short Blades   | 1 |  1.5
Armour         | 1 3 4 5 |  5.2
Dodging        | 2 3 |  3.1
Long Blades    | 1 2 |  2.8
Fighting       | 1 2 |  2.5
Stealth        | |  2.1
Transmutations | |  0.7

Action                   |  1- 3 |  4- 6 |  7- 9 | 10-12 || total
-------------------------+-------+-------+-------+-------++-------
Melee: Unarmed           |     6 |       |       |       ||     6
       Short sword       |    17 |       |       |       ||    17
       Dagger            |    16 |       |       |       ||    16
       Rapier            |       |    15 |    13 |       ||    28
       Great sword       |       |       |    22 |    10 ||    32
       Punch             |       |       |     1 |       ||     1
 Cast: Sandblast         |    38 |    15 |    14 |     2 ||    69
       Stone Arrow       |    17 |    48 |    81 |    15 ||   161
  Use: Scroll            |     3 |     6 |     7 |     1 ||    17
       Potion            |       |       |       |     1 ||     1
Armor: Robe              |    31 |     8 |       |       ||    39
       Ring mail         |       |     5 |    54 |    18 ||    77
Dodge: Dodged            |    59 |    11 |    47 |    14 ||   131
